AoeStats
← Kairos

Hideout

508810480Analyzed
1v1 RM · 6d ago on Sep 24, 2026· 51m 24s· 2 players
Game mode
Random Map
Map size
Tiny (2 player)
Population
200
Speed
Normal
Resources
Standard
Victory
Conquest
Starting age
Dark Age
Ending age
Imperial Age
RankedLock teamsTeams togetherTeam positionsShared explorationLock speedFull tech treeHidden civsTurbo modeCheats
Victory
Defeat
🇺🇸 Saxons · United States
1002
+16
🇨🇳 Aztecs · China
1012
-16
Kairos
10:25 Feudal Age
10:52 Double-Bit Axe
10:39 Man-at-Arms
12:35 Horse Collar
16:05 Fletching
16:47 Forging
20:58 Castle Age
19:36 Gold Mining
20:29 Scale Barding Armor
21:23 Crossbowman
22:35 Bow Saw
23:12 Heavy Plow
23:06 Pikeman
23:47 Squires
23:21 Long Swordsman
23:47 Gambesons
26:17 Loom
27:11 Wheelbarrow
26:40 Stone Mining
28:24 Bodkin Arrow
28:44 Squires
29:11 Arson
34:16 Thumb Ring
33:38 Elite Skirmisher
34:26 Scale Mail Armor
35:02 Iron Casting
35:15 Hand Cart
38:44 Imperial Age
36:03 Town Watch
37:32 Scale Mail Armor
38:25 Padded Archer Armor
39:29 Chain Mail Armor
39:30 Two-Handed Swordsman
41:42 Conscription
41:59 Arbalester
42:47 Shield Wall
44:12 Hoardings
45:25 Gold Shaft Mining
46:34 Two-Man Saw
46:07 Crop Rotation
46:52 Iron Casting
47:54 Plate Mail Armor
47:58 Bracer
47:48 Clerical Recruitment
49:18 Arbalester
50:46 Leather Archer Armor
51515426
0:37 Loom
12:43 Feudal Age
17:19 Castle Age
15:55 Horse Collar
16:06 Man-at-Arms
17:18 Double-Bit Axe
21:52 Gold Mining
22:04 Heavy Plow
22:18 Bow Saw
24:01 Eagle Warrior
24:20 Long Swordsman
25:28 Stone Mining
26:22 Wheelbarrow
27:08 Forging
28:53 Gold Shaft Mining
29:10 Fletching
33:00 Elite Skirmisher
33:38 Bodkin Arrow
34:49 Long Swordsman
35:36 Squires
40:36 Imperial Age
39:50 Iron Casting
42:06 Two-Handed Swordsman
42:47 Squires
44:11 Crop Rotation
45:03 Hand Cart
46:22 Blast Furnace
46:27 Champion
47:18 Scale Mail Armor
51:08 Conscription
51:15 Chain Mail Armor
51:01 Bracer
Connection lost

Rejoining the realm…

Still unreachable

The connection could not be restored.

Session expired

The server has moved on; the page needs a fresh start.